 Dungeon Crawl Stone Soup version 0.29-a0-1016-g236c7fd91e (webtiles) character file.

Game seed: 13529273197350183665

123 IdlyInterested the Slasher (level 4, -3/33 HPs)
             Began as a Demonspawn Gladiator on Aug 8, 2022.
             Killed by divine providence
             ... invoked by an orc priest
              (11 damage)
             ... on level 3 of the Dungeon on Aug 9, 2022.
             The game lasted 00:07:12 (2527 turns).

IdlyInterested the Slasher (Demonspawn Gladiator)   Turns: 2527, Time: 00:07:13

Health: -3/33      AC:  7    Str: 15    XL:     4   Next: 79%
Magic:  4/4        EV: 12    Int:  9    God:
Gold:   150        SH:  0    Dex: 22    Spells: 3/3 levels left

rFire   . . .      SeeInvis +   a - +0 long sword
rCold   . . .      Faith    .   (no shield)
rNeg    . . .      Spirit   .   f - +0 ring mail
rPois   .          Reflect  .   c - +0 helmet
rElec   .          Harm     .   g - +0 cloak
rCorr   .          Rampage  .   (no gloves)
Will    .....                   (no boots)
Stlth   +.........              (no amulet)
HPRegen 0.11/turn               i - +6 ring of dexterity
MPRegen 0.18/turn               l - ring of see invisible

@: no status effects
A: magic regeneration, demonic touch 1
a: no special abilities


You were on level 3 of the Dungeon.
You visited 1 branch of the dungeon, and saw 3 of its levels.

You collected 150 gold pieces.

Inventory:

Hand Weapons
 a - a +0 long sword (weapon)
 h - a +0 short sword
Missiles
 b - 14 poisoned darts (quivered)
 d - 3 throwing nets
 e - a javelin
Armour
 c - a +0 helmet (worn)
 f - a +0 ring mail (worn)
 g - a +0 cloak (worn)
 k - a +0 helmet
Jewellery
 i - a +6 ring of dexterity (left hand)
 l - a ring of see invisible (right hand)
Wands
 m - a wand of charming (10)
Scrolls
 n - a scroll of identify {unknown}
 p - a scroll of blinking {unknown}
 q - a scroll of teleportation {unknown}
Potions
 j - a potion of ambrosia {unknown}


   Skills:
 - Level 2.0 Fighting
 + Level 4.0 Long Blades
 - Level 1.7 Throwing
 - Level 1.0 Armour
 + Level 3.4 Dodging
 - Level 1.0 Stealth
 * Level 0.2 Unarmed Combat
 + Level 0.8 Evocations


You had 3 spell levels left.
You didn't know any spells.
Your spell library contained the following spells:

 Spells                   Type           Power      Damage    Failure   Level
 Leda's Liquefaction      Hex/Erth       0%         N/A       100%        4
 Lee's Rapid Deconstruct  Erth           0%         3d5*      100%        5
 Statue Form              Tmut/Erth      0%         N/A       100%        6


Dungeon Overview and Level Annotations

Branches:
Dungeon (3/15)

Altars:
Xom
Yredelemnul


Innate Abilities, Weirdness & Mutations

You regenerate magic rapidly.
Your touch may inflict minor irresistible damage on your foes.


Message History

You kill the bat! 3 orcs come into view.
The orc shouts!
You hear a shout!
An orc priest comes into view. It is wielding a +0 trident.
The orc priest shouts!
The orc shouts!
You hear an angry hiss.
A ball python and an orc priest come into view.
The ball python hisses angrily.
The orc priest shouts!
The orc shouts!
You slash the orc!
You kill the orc!
The orc priest invokes the aid of Beogh against you.
Beogh smites you!
You see here a +0 whip.
The orc priest invokes the aid of Beogh against you.
Beogh smites you! The orc hits you but does no damage.
You hit the orc but do no damage.
The orc priest begins to cast a cantrip, but forgets the words!
The orc closely misses you.
You hit the orc.
The orc is heavily wounded.
The orc priest hits you from afar with a +0 trident.
The orc closely misses you.
You closely miss the orc.
You touch the orc.
You kill the orc!
The orc priest hits you from afar with a +0 trident.
* * * LOW HITPOINT WARNING * * *
The orc priest hits you from afar with a +0 trident.
* * * LOW HITPOINT WARNING * * *
The orc hits you with a +0 whip.
* * * LOW HITPOINT WARNING * * *
You feel better.
The orc priest hits you from afar with a +0 trident.
* * * LOW HITPOINT WARNING * * *
The orc misses you.
Welcome back, IdlyInterested the Demonspawn Gladiator.
Press ? for a list of commands and other information.
You slash the orc!
You kill the orc!
The orc priest calls down the wrath of Beogh upon you.
Beogh smites you!
You die...

#......# ## #......# .#
#....... ..
#########.....# #.
#.......##....#
#S###.......######.
o.#........# #..
#o#........# ###.#
#@#......>.# #...#
#)#...(....###.###
#.#........##..#
#.#...........###
#..........#....##
......##..........##...
......#...######...##..
......#.#.# #.......
......#.#.## #..P.P..


You could see 2 orc priests and a ball python.

Vanquished Creatures
  Terence (D:2)
  3 adders
  2 worms (D:3)
  4 dart slugs
  4 orcs (D:3)
  5 bats
  2 endoplasms
  4 giant cockroaches
  5 goblins
  3 quokkas (D:1)
  4 ball pythons
  7 frilled lizards
  7 kobolds
  8 rats
59 creatures vanquished.

Notes
Turn   | Place    | Note
-------+----------+-------------------------------------------
     0 | D:1      | IdlyInterested the Demonspawn Gladiator began the quest for
                  | the Orb.
     0 | D:1      | Reached XP level 1. HP: 16/16 MP: 1/1
   337 | D:1      | Reached skill level 3 in Long Blades
   396 | D:1      | Gained mutation: You regenerate magic rapidly. [demonic
                  | ancestry]
   396 | D:1      | Reached XP level 2. HP: 22/22 MP: 2/2
   859 | D:1      | Found a faded altar of an unknown god.
  1096 | D:1      | Reached skill level 1 in Armour
  1104 | D:1      | Gained mutation: Your touch may inflict minor irresistible
                  | damage on your foes. [demonic ancestry]
  1104 | D:1      | Reached XP level 3. HP: 21/27 MP: 3/3
  1533 | D:2      | Noticed Terence
  1543 | D:2      | Killed Terence
  1544 | D:2      | Reached skill level 1 in Stealth
  1544 | D:2      | Reached XP level 4. HP: 15/33 MP: 4/4
  1954 | D:2      | Found a shimmering altar of Xom.
  2089 | D:3      | Found a basalt altar of Yredelemnul.
  2413 | D:3      | Reached skill level 4 in Long Blades
  2527 | D:3      | Upgraded the game from 0.29-a0-1009-g60c99734e7 to
                  | 0.29-a0-1016-g236c7fd91e
  2527 | D:3      | Killed from afar by an orc priest

Illustrated notes

Levels and vault maps discovered:
D:1:      lightli_arrival_boilingwater, layout_rooms,
          hellmonk_ecumenical_altar_pennies_from_heaven, minivault_26,
          feat_on_display
D:2:      layout_basic, basic_altar, uniq_terence
D:3:      layout_rooms, yredelemnul_altar_generic, dreamdust_princess_bridge

Skill      XL: |  1  2  3  4 |
---------------+-------------+-----
Long Blades    | 3 4 |  4.0
Dodging        | 3 |  3.4
Armour         | 1 |  1.0
Stealth        | 1 |  1.0
Fighting       | |  2.0
Throwing       | |  1.7
Unarmed Combat | |  0.2
Evocations     | |  0.8

Action                   |  1- 3 |  4- 6 || total
-------------------------+-------+-------++-------
Melee: Long sword        |   100 |    48 ||   148
       Touch             |     5 |    10 ||    15
  Use: Scroll            |     3 |     1 ||     4
       Potion            |       |     1 ||     1
 Stab: Sleeping          |       |     1 ||     1
Armor: Ring mail         |    44 |    18 ||    62
Dodge: Dodged            |    70 |    26 ||    96

Table legend: (Time is in decaauts)
 A = Elapsed time spent in this place.
 B = Non-inter-level travel time spent in this place.
 C = Inter-level travel time spent in this place.
 D = Time resting spent in this place.
 E = Time spent auto-exploring this place.
 F = Levels seen in this place.
 G = Mean time per level.
                   A        B        C        D        E       F      G
               +--------+--------+--------+--------+--------+-----+--------+
         Total |   2566 |   2314 |    252 |    683 |    996 |   3 |  855.3 |
       Dungeon |   2566 |   2314 |    252 |    683 |    996 |   3 |  855.3 |
               +--------+--------+--------+--------+--------+-----+--------+

Top non-repeatable levels by time:
     D:1: 1313 daAuts
     D:2: 934 daAuts
     D:3: 317 daAuts
